 Dungeon Crawl Stone Soup version 0.22-a0-422-g9628fc87f1 (webtiles) character file.

5920 Principatus the Arsonist (level 10, -1/77 HPs)
             Began as a Red Draconian Fire Elementalist on May 19, 2018.
             Was a Follower of Vehumet.
             Splashed by a jelly's acid (7 damage)
             ... on level 9 of the Dungeon.
             The game lasted 00:35:26 (11138 turns).

Principatus the Arsonist (DrFE)                    Turns: 11138, Time: 00:35:27

Health: -1/77      AC: -2    Str:  8    XL:     10   Next: 53%
Magic:  19/19      EV:  9    Int: 18    God:    Vehumet [*.....]
Gold:   412        SH: 15    Dex: 20    Spells: 6/21 levels left

rFire    + + .     SeeInvis .   E - +10 war axe of Quicaj {vamp, rN+++ Str-5 Dex+7}
rCold    . . .     Gourm    .   d - +1 large shield
rNeg     + + +     Faith    .   (armour unavailable)
rPois    .         Spirit   .   v - +2 hat
rElec    .         Reflect  .   (no cloak)
rCorr    .         Harm     .   (no gloves)
MR       .....                  z - +0 pair of boots
Stlth    ++........             c - amulet of the acrobat
HPRegen  0.22/turn              l - +3 ring of strength
MPRegen  0.16/turn              B - ring of protection from fire

@: corroded
A: breathe fire, unfitting armour, fire resistance 1, cold-blooded, AC +7
a: Breathe Fire, Renounce Religion


You were on level 9 of the Dungeon.
You worshipped Vehumet.
Vehumet was aware of your devotion.
You were very hungry.

You visited 1 branch of the dungeon, and saw 9 of its levels.

You collected 412 gold pieces.

Inventory:

Hand Weapons
 E - the +10 war axe of Quicaj (weapon) {vamp, rN+++ Str-5 Dex+7}
   (You found it on level 8 of the Dungeon)

   It inflicts no extra harm, but heals its wielder when it wounds a living foe.
   It affects your strength (-5).
   It affects your dexterity (+7).
   It renders you almost immune to negative energy.
Missiles
 a - 367 stones (quivered)
Armour
 d - a +1 large shield (worn)
 v - a +2 hat (worn)
 z - a +0 pair of boots (worn)
Jewellery
 c - an amulet of the acrobat (around neck)
 l - a +3 ring of strength (left hand)
 B - a ring of protection from fire (right hand)
Wands
 k - a wand of flame (15)
 D - a wand of disintegration (16)
Scrolls
 i - 4 scrolls of remove curse
 p - 3 scrolls of enchant armour
 r - a scroll of amnesia
 u - 3 scrolls of teleportation
 A - 5 scrolls of identify
Potions
 e - a potion of heal wounds
 f - 2 potions of flight {unknown}
 h - 2 potions of berserk rage
 j - 10 potions of curing
 m - a potion of ambrosia {unknown}
 o - a potion of cancellation {unknown}
 q - 2 potions of degeneration {unknown}
 s - a potion of might {unknown}
 C - a potion of haste {unknown}
 F - a potion of invisibility {unknown}
Comestibles
 b - 8 rations


   Skills:
 + Level 3.3 Fighting
 - Level 1.9 Dodging
 - Level 2.0 Stealth
 + Level 7.9 Shields
 - Level 6.0 Spellcasting
 + Level 8.2 Conjurations
 + Level 10.8 Fire Magic


You had 6 spell levels left.
You knew the following spells:

 Your Spells              Type           Power        Failure   Level  Hunger
a - Flame Tongue          Conj/Fire      #####        2%          1    None
b - Throw Flame           Conj/Fire      #####.       3%          2    None
c - Conjure Flame         Conj/Fire      #####...     6%          3    ##.....
d - Sticky Flame          Conj/Fire      #####...     22%         4    ####...
e - Fireball              Conj/Fire      #####.....   52%         5    #####..

Your spell library contained the following spells:

 Spells                   Type           Power        Failure   Level  Hunger
 Magic Dart               Conj           ####         3%          1    None
 Confuse                  Hex            #.......     97%         3    ##.....
 Summon Small Mammal      Summ           #...         71%         1    None
 Iskenderun's Mystic Bla  Conj           ####....     36%         4    ####...
 Summon Ice Beast         Ice/Summ       #.......     100%        4    ####...
 Call Imp                 Summ           #.......     85%         2    None
 Tukima's Dance           Hex            #.......     97%         3    ##.....
 Call Canine Familiar     Summ           #.......     97%         3    ##.....
 Ensorcelled Hibernation  Hex/Ice        #.....       85%         2    None
 Corona                   Hex            #......      71%         1    None
 Inner Flame              Hex/Fire       ###.....     34%         3    ##.....
 Fulminant Prism          Conj/Hex       ###.......   89%         4    ####...
 Dazzling Spray           Conj/Hex       ###...       52%         3    ##.....
 Force Lance              Conj/Tloc      ###.....     89%         4    ####...
 Searing Ray              Conj           ####..       5%          2    None
 Summon Lightning Spire   Summ/Air       #.......     100%        4    ####...
 Summon Guardian Golem    Hex/Summ       #.......     97%         3    ##.....


Dungeon Overview and Level Annotations

Branches:
Dungeon (9/15)             Temple (0/1) D:6
   Lair: D:8-11         Orc: D:9-12

Altars:
Cheibriados
Dithmenos
Elyvilon
Gozag
Hepliaklqana
Makhleb
Okawaru
Qazlal
Ru
Vehumet
Xom


Innate Abilities, Weirdness & Mutations

You can breathe blasts of fire.
Your fiery red scales are hard. (AC +7)
You cannot fit into any form of body armour.
Your flesh is heat resistant. (rF+)
You are cold-blooded and may be slowed by cold attacks.


Message History

The jelly hits you but does no damage.
You hit the jelly.
You feel better. The acid corrodes you!
Your hands burn!
* * * LOW HITPOINT WARNING * * *
The jelly is severely wounded.
You hit the orc warrior but do no damage.
Your shield prevents you from hitting the orc.
You hit the orc. You block the orc warrior's attack.
The orc hits you but does no damage. You block the orc's attack.
The jelly hits you.
* * * LOW HITPOINT WARNING * * *
The acid corrodes you!
You are splashed with acid!
The acid burns!
* * * LOW HITPOINT WARNING * * *
You block the orc warrior's attack. The orc hits you with a club.
* * * LOW HITPOINT WARNING * * *
The orc hits you with a short sword.
* * * LOW HITPOINT WARNING * * *
The jelly hits you.
* * * LOW HITPOINT WARNING * * *
You are splashed with acid!
The acid burns!
You die...

..............#
...............#
................#
................#
................#
................#
........ooo.....#
........J@......#
........?.......#
................#
...##...........#
#...........#
.............#
..............#
................#
...##....#..#...


You could see an orc warrior, a jelly and 2 orcs.

Vanquished Creatures
  2 two-headed ogres (D:8)
  The ghost of ciphuk the Slinger, a novice HaHu (D:8)
  A hippogriff (D:7)
  4 humans
  An orc warrior (D:5)
  3 ice beasts
  2 phantoms
  3 black bears
  4 sky beasts
  3 ogres
  3 centaurs
  3 bullfrogs
  2 scorpions
  4 howler monkeys
  3 electric eels (D:3)
  4 crimson imps
  3 orc priests
  A hound (D:7)
  A jelly (D:5)
  A centaur skeleton (D:7)
  9 orc wizards
  An iguana (D:5)
  5 worker ants
  A hound skeleton (D:5)
  A worker ant zombie (D:7)
  3 gnolls (D:5)
  A howler monkey skeleton (D:4)
  4 adders
  9 river rats
  2 oozes
  2 adder skeletons
  5 worms
  4 dart slugs
  8 leopard geckos
  27 orcs
  4 bats
  5 giant cockroaches
  4 hobgoblins
  2 jackals (D:8)
  6 kobolds
  10 quokkas
  A ball python (D:2)
  A ball python skeleton (D:4)
  8 frilled lizards
  3 goblins
  A leopard gecko skeleton (D:4)
  18 rats
194 creatures vanquished.

Vanquished Creatures (others)
  A sky beast (D:7)
1 creature vanquished.

Grand Total: 195 creatures vanquished

Notes
Turn   | Place    | Note
-------+----------+-------------------------------------------
     0 | D:1      | Principatus the Draconian Fire Elementalist began the quest for the Orb.
     0 | D:1      | Reached XP level 1. HP: 14/14 MP: 3/3
   404 | D:1      | Reached XP level 2. HP: 13/20 MP: 0/5
   523 | D:1      | Learned a level 2 spell: Throw Flame
  1279 | D:2      | Reached XP level 3. HP: 26/26 MP: 3/6
  2296 | D:3      | Found a transporter.
  2336 | D:3      | Found a transporter.
  2595 | D:3      | Reached skill level 1 in Shields
  2595 | D:3      | Reached XP level 4. HP: 33/33 MP: 4/7
  3061 | D:3      | Found a white marble altar of Elyvilon.
  3063 | D:3      | Found an opulent altar of Gozag.
  3069 | D:3      | Found a burning altar of Makhleb.
  3070 | D:3      | Found a shadowy altar of Dithmenos.
  3070 | D:3      | Found an iron altar of Okawaru.
  3070 | D:3      | Found a shimmering altar of Xom.
  3076 | D:3      | Found a hazy altar of Hepliaklqana.
  3159 | D:3      | Reached skill level 4 in Fire Magic
  3507 | D:3      | Reached XP level 5. HP: 25/38 MP: 5/8
  3710 | D:4      | Learned a level 3 spell: Conjure Flame
  3746 | D:4      | Noticed an ice beast
  3760 | D:4      | Killed an ice beast
  3760 | D:4      | Reached XP level 6. HP: 45/45 MP: 1/9
  3854 | D:4      | Found a snail-covered altar of Cheibriados.
  4251 | D:4      | Reached skill level 5 in Fire Magic
  4591 | D:4      | Your scales start taking on a fiery red colour.
  4591 | D:4      | Reached skill level 6 in Fire Magic
  4591 | D:4      | Reached XP level 7. HP: 42/50 MP: 4/10
  4591 | D:4      | Gained mutation: Your flesh is heat resistant. (rF+) [Red Draconian growth]
  5056 | D:5      | Entered Level 5 of the Dungeon
  5392 | D:5      | Reached skill level 7 in Fire Magic
  6038 | D:4      | Reached XP level 8. HP: 48/57 MP: 8/12
  6290 | D:5      | Reached skill level 5 in Conjurations
  6577 | D:5      | Reached skill level 8 in Fire Magic
  6605 | D:5      | Reached skill level 5 in Shields
  7278 | D:6      | Found a radiant altar of Vehumet.
  7285 | D:6      | Became a worshipper of Vehumet
  7305 | D:6      | Learned a level 4 spell: Sticky Flame
  7453 | D:6      | Found a staircase to the Ecumenical Temple.
  7595 | D:6      | Reached XP level 9. HP: 62/62 MP: 9/15
  8094 | D:6      | Reached skill level 9 in Fire Magic
  8351 | D:6      | Reached skill level 5 in Spellcasting
  8682 | D:7      | Reached * piety under Vehumet
  8682 | D:7      | Offered knowledge of Freeze by Vehumet.
  8785 | D:7      | Got a colourful robe
  9478 | D:8      | Noticed ciphuk's ghost (novice HaHu)
  9963 | D:8      | Reached skill level 10 in Fire Magic
 10107 | D:8      | Learned a level 5 spell: Fireball
 10115 | D:8      | Reached XP level 10. HP: 66/69 MP: 9/19
 10248 | D:8      | Got a smoking war axe
 10279 | D:8      | Identified the +10 war axe of Quicaj {vamp, rN+++ Str-5 Dex+7} (You found it on level 8 of the Dungeon)
 10338 | D:8      | Killed ciphuk's ghost
 10338 | D:8      | Reached skill level 1 in Fighting
 10461 | D:8      | Found a sacrificial altar of Ru.
 10623 | D:8      | Noticed a two-headed ogre
 10631 | D:8      | Killed a two-headed ogre
 10631 | D:8      | Offered knowledge of Sandblast by Vehumet.
 10670 | D:8      | Found a stormy altar of Qazlal.
 10856 | D:9      | Noticed a two-headed ogre
 10894 | D:8      | Killed a two-headed ogre
 11138 | D:9      | Splashed by a jelly's acid

Vault maps used:
D:1:      wheals_arrival_shading
D:2:      minmay_misc_feat_more_columns, grunt_ministairs_2
D:3:      gammafunk_steamed_eel, minitemple
D:4:      kennysheep_slug_shrine
D:5:      lemuel_ratsnest, first_ration
D:6:      temple_doors_e, basic_altar, serial_glass, glass_columns_b,
          glass_columns_a, minmay_ruffians
D:7:      cheibrodos_quashed
D:8:      nicolae_ru_the_path_less_chosen, nicolae_qazlal_eye_of_the_storm
D:9:      enter_bailey_3

Skill      XL: |  1  2  3  4  5  6  7  8  9 10 |
---------------+-------------------------------+-----
Stealth        | 2 |  2.0
Conjurations   | 2 3 4 6 7 8 |  8.2
Shields        | 1 2 3 4 5 7 |  7.9
Fire Magic     | 4 6 7 8 10 | 10.8
Spellcasting   | 3 4 6 |  6.0
Fighting       | 3 |  3.3
Dodging        | |  1.9

Action                   |  1- 3 |  4- 6 |  7- 9 | 10-12 || total
-------------------------+-------+-------+-------+-------++-------
Melee: Dagger            |    23 |     1 |       |       ||    24
       Tailslap          |     2 |       |    65 |     5 ||    72
       Falchion          |       |     6 |   515 |     4 ||   525
       War axe           |       |       |       |    49 ||    49
Throw: Stone             |     4 |       |    11 |       ||    15
 Cast: Flame Tongue      |    72 |    45 |   223 |    19 ||   359
       Conjure Flame     |       |     3 |     4 |       ||     7
       Sticky Flame      |       |       |    24 |     1 ||    25
       Fireball          |       |       |     1 |       ||     1
 Abil: Breathe Fire      |       |       |     3 |       ||     3
  Use: Scroll            |       |     6 |       |     4 ||    10
       Potion            |       |       |       |     1 ||     1
  Eat: Chunk             |     6 |     4 |    11 |       ||    21
       Ration            |       |     1 |     4 |     2 ||     7
Armor: Skin              |    17 |     3 |   286 |    17 ||   323
Dodge: Dodged            |    36 |    21 |   432 |    18 ||   507
Block: Large shield      |       |       |       |    57 ||    57
       Rpst.: Falchion   |       |     5 |   125 |       ||   130

Table legend:
 A = Spawn XP
 B = Non-spawn XP
 C = Spawn XP percentage of total XP
 D = Spawn monster count
 E = Non-spawn monster count
 F = Spawn count percentage of total count
 G = Total turns spent on level
                    A         B        C        D         E        F      G
               +---------+---------+-------+---------+---------+-------+---------
         Total |       0 |    8458 |   0.0 |       0 |     195 |   0.0 | 11138
               +---------+---------+-------+---------+---------+-------+---------
           D:1 |       0 |      23 |   0.0 |       0 |      11 |   0.0 |   905
           D:2 |       0 |      49 |   0.0 |       0 |      23 |   0.0 |  1288
           D:3 |       0 |     196 |   0.0 |       0 |      12 |   0.0 |  1485
           D:4 |       0 |     681 |   0.0 |       0 |      25 |   0.0 |  1606
           D:5 |       0 |    1389 |   0.0 |       0 |      60 |   0.0 |  2031
           D:6 |       0 |    1155 |   0.0 |       0 |      16 |   0.0 |  1054
           D:7 |       0 |    1546 |   0.0 |       0 |      22 |   0.0 |  1464
           D:8 |       0 |    3416 |   0.0 |       0 |      25 |   0.0 |  1279
           D:9 |       0 |       3 |   0.0 |       0 |       1 |   0.0 |    26
               +---------+---------+-------+---------+---------+-------+---------
